 Dungeon Crawl Stone Soup version 0.28.0-53-g5a82cb258f (webtiles) character file.

Game seed: 15611159397825847018

39 protoss039 the Digger (level 3, -5/27 HPs)
             Began as a Demonspawn Earth Elementalist on June 7, 2022.
             Slain by a kobold
             ... wielding a +1 dagger of electrocution
              (16 damage)
             ... on level 2 of the Dungeon.
             The game lasted 00:01:45 (1745 turns).

protoss039 the Digger (DsEE)                        Turns: 1745, Time: 00:01:46

Health: -5/27      AC:  4    Str:  8    XL:     3   Next: 26%
Magic:  0/6        EV: 12    Int: 18    God:
Gold:   46         SH:  0    Dex: 13    Spells: 3/6 levels left

rFire   . . .      SeeInvis .   g - +2 whip (elec)
rCold   . . .      Faith    .   (no shield)
rNeg    . . .      Spirit   .   b - +0 robe
rPois   .          Reflect  .   (no helmet)
rElec   .          Harm     .   n - +1 cloak
rCorr   .          Rampage  .   (no gloves)
Will    .....                   (no boots)
Stlth   ++........              (no amulet)
HPRegen 0.09/turn               (no ring)
MPRegen 0.10/turn               (no ring)

@: very slightly contaminated
A: ignite blood 1
a: no special abilities


You were on level 2 of the Dungeon.
You visited 1 branch of the dungeon, and saw 2 of its levels.

You collected 46 gold pieces.

Inventory:

Hand Weapons
 g - a +2 whip of electrocution (weapon)
Missiles
 c - 43 stones
Armour
 b - a +0 robe (worn)
 n - a +1 cloak (worn)
Jewellery
 a - an amulet of the acrobat
Scrolls
 e - a scroll of silence {unknown}
 f - a scroll of teleportation {unknown}
 h - a scroll of fog {unknown}
 l - a scroll of blinking {unknown}
 m - a scroll of enchant armour {unknown}
Potions
 d - 3 potions of haste {unknown}
 i - a potion of curing {unknown}
 j - a potion of magic {unknown}
 k - a potion of brilliance {unknown}


   Skills:
 * Level 1.8 Fighting
 + Level 0.8 Armour
 - Level 1.7 Dodging
 - Level 1.7 Stealth
 + Level 2.3 Spellcasting
 - Level 1.0 Transmutations
 + Level 3.0 Earth Magic


You had 3 spell levels left.
You knew the following spells:

 Your Spells              Type           Power      Damage    Failure   Level
a - Sandblast             Erth           24%        2d8       4%          1
b - Passwall              Tmut/Erth      7%         N/A       12%         2

Your spell library contained the following spells:

 Spells                   Type           Power      Damage    Failure   Level
 Sting                    Tmut/Pois      12%        1d3       14%         1
 Stone Arrow              Conj/Erth      14%        3d7       28%         3
 Petrify                  Tmut/Erth      9%         N/A       58%         4
 Olgreb's Toxic Radiance  Pois           2%         N/A       87%         4
 Simulacrum               Ice/Necr       1%         N/A       100%        6


Dungeon Overview and Level Annotations

Branches:
Dungeon (2/15)

Altars:


Innate Abilities, Weirdness & Mutations

Your demonic aura sometimes causes spilled blood to erupt in flames.


Message History

Aim: a kobold, wielding a +1 dagger of electrocution (74% to hit)
The blast of sand misses the kobold.
The kobold barely misses you.
Unknown command.
Unknown command.
Casting: Sandblast (safe; 4% risk of failure)
Confirm with . or Enter, or press ? or * to list all spells.
Aiming: Sandblast (safe; 4% risk of failure)
Press: ? - help, Shift-Dir - straight line, f/p - kobold
Aim: a kobold, wielding a +1 dagger of electrocution (74% to hit)
The blast of sand hits the kobold.
The kobold is moderately wounded.
The kobold barely misses you.
Unknown command.
Unknown command.
Casting: Sandblast (safe; 4% risk of failure)
Confirm with . or Enter, or press ? or * to list all spells.
Aiming: Sandblast (safe; 4% risk of failure)
Press: ? - help, Shift-Dir - straight line, f/p - kobold
Aim: a kobold, wielding a +1 dagger of electrocution (74% to hit)
The blast of sand misses the kobold.
The kobold closely misses you.
Unknown command.
Unknown command.
Casting: Sandblast (safe; 4% risk of failure)
Confirm with . or Enter, or press ? or * to list all spells.
Aiming: Sandblast (safe; 4% risk of failure)
Press: ? - help, Shift-Dir - straight line, f/p - kobold
Aim: a kobold, wielding a +1 dagger of electrocution (74% to hit)
You miscast Sandblast.
Nothing appears to happen.
The kobold hits you but does no damage.
Unknown command.
Unknown command.
Casting: Sandblast (safe; 4% risk of failure)
Confirm with . or Enter, or press ? or * to list all spells.
Aiming: Sandblast (safe; 4% risk of failure)
Press: ? - help, Shift-Dir - straight line, f/p - kobold
Aim: a kobold, wielding a +1 dagger of electrocution (74% to hit)
You miscast Sandblast.
Nothing appears to happen.
The kobold hits you but does no damage.
You are electrocuted!
Ouch! That really hurt!
You die...

...###.#.........#
....)............#
.#.###.#.........# .#.#
#.####'###### .#.# #.# #..#
.#.# #.# ##.##
.#.###.#####..###########
..............†..........
.#.###..........@K.###+####..
.#.# ########.####...........
.# # #.# #.........# .# #..
#.........# .# ##.
#.........# .# .. #.....!...#
## .. #.........#
#.##.........# ########
#.#..........#


You could see a kobold.

Vanquished Creatures
  An adder (D:2)
  A dart slug (D:1)
  3 ball pythons
  2 bats
  An endoplasm (D:1)
  3 giant cockroaches
  2 goblins (D:1)
  A hobgoblin (D:1)
  2 jackals (D:2)
  3 kobolds (D:1)
  2 quokkas (D:1)
  A frilled lizard (D:2)
  5 rats
27 creatures vanquished.

Notes
Turn   | Place    | Note
-------+----------+-------------------------------------------
     0 | D:1      | protoss039 the Demonspawn Earth Elementalist began the
                  | quest for the Orb.
     0 | D:1      | Reached XP level 1. HP: 13/13 MP: 3/3
   180 | D:1      | Reached skill level 1 in Transmutations
   314 | D:1      | Gained mutation: Your demonic aura sometimes causes spilled
                  | blood to erupt in flames. [demonic ancestry]
   314 | D:1      | Reached XP level 2. HP: 18/20 MP: 5/5
   345 | D:1      | Found a faded altar of an unknown god.
   350 | D:1      | Reached skill level 1 in Fighting
  1161 | D:1      | Learned a level 2 spell: Passwall
  1620 | D:2      | Got the Volume of Virous Evil Rituals
  1682 | D:2      | Reached XP level 3. HP: 26/26 MP: 6/6
  1709 | D:2      | Reached skill level 3 in Earth Magic
  1745 | D:2      | Slain by a kobold

Illustrated notes

Levels and vault maps discovered:
D:1:      matt_arrival_refuge, layout_basic,
          chequers_ecumenical_altar_simple_redux, serial_bayou_crossing
D:2:      layout_basic, uniq_sigmund

Skill      XL: |  1  2  3 |
---------------+----------+-----
Transmutations | 1 |  1.0
Fighting       | 1 |  1.8
Earth Magic    | 3 |  3.0
Armour         | |  0.8
Dodging        | |  1.7
Stealth        | |  1.7
Spellcasting   | |  2.3

Action                   || total
-------------------------++-------
Melee: Club              ||    27
       Punch             ||     3
       Whip              ||    50
 Cast: Sandblast         ||    15
 Stab: Sleeping          ||     3
       Distracted        ||     1
Armor: Robe              ||    21
Dodge: Dodged            ||    68
